 Dungeon Crawl Stone Soup version 0.21.1-1-g345015f (webtiles) character file.

15493 inc the Thaumaturge (level 12, -12/86 HPs)
             Began as an Octopode Venom Mage on Mar 29, 2018.
             Was an Initiate of Gozag.
             Killed from afar by an orc sorcerer (37 damage)
             ... with a bolt of fire
             ... while paralysed by an orc sorcerer
             ... on level 2 of the Orcish Mines on Apr 1, 2018.
             The game lasted 00:56:13 (17946 turns).

inc the Thaumaturge (Octopode Venom Mage)          Turns: 17946, Time: 00:56:14

Health: -12/86     AC:  5    Str:  7    XL:     12   Next: 27%
Magic:  20/26      EV:  2    Int: 22    God:    Gozag
Gold:   1134       SH:  0    Dex: 13    Spells: 21/32 levels left

rFire    . . .     SeeInvis .   C - +9 falchion "Giludwul" {protect, rC+ MR+}
rCold    + + .     Gourm    .   (no shield)
rNeg     + . .     Faith    .   (helmet restricted)
rPois    +         Spirit   .   c - amulet of harm
rElec    .         Reflect  .   s - ring of protection from cold
rCorr    .         Harm     +   E - ring of Shadows {Umbra +Inv Stlth+}
MR       +....                  Q - ring of positive energy
Stlth    ++++++....             S - +2 ring of protection
HPRegen  0.24/turn              (no ring)
MPRegen  0.20/turn              (no ring)
                                (no ring)
                                (no ring)

@: paralysed, gold aura, wreathed by umbra
A: almost no armour, stealthy swim, amphibious, 8 rings, constrict 8, slimy
green scales 1, camouflage 1, poison resistance, gelatinous body 1
a: Potion Petition, Call Merchant, Bribe Branch, Renounce Religion, Evoke
Invisibility


You were on level 2 of the Orcish Mines.
You worshipped Gozag.
Gozag was most pleased with you.
You were not hungry.

You visited 3 branches of the dungeon, and saw 14 of its levels.
You also visited: Labyrinth.

You collected 2636 gold pieces.
You spent 156 gold pieces at shops.
You paid 1346 gold pieces to Gozag.

Inventory:

Hand Weapons
 l - a +2 dagger of venom
 v - a +0 dagger of venom
 y - a -3 short sword
 C - the +9 falchion "Giludwul" (weapon) {protect, rC+ MR+}
   (You took it off an orc wizard on level 7 of the Dungeon)

   It protects the one who uses it against injury (+AC on strike).
   It protects you from cold.
   It affects your resistance to hostile enchantments.
Jewellery
 c - an amulet of harm (around mantle)
 k - an uncursed amulet of the gourmand
 s - a ring of protection from cold (left tentacle)
 E - the ring of Shadows (right tentacle) {Umbra +Inv Stlth+}
   (You took it off a wight on level 7 of the Dungeon)

   [ring of stealth]

   It lets you turn invisible.
   It makes you more stealthy.
 L - an uncursed amulet of inaccuracy
 Q - a ring of positive energy (on tentacle)
 S - a +2 ring of protection (on tentacle)
Wands
 F - a wand of scattershot (6)
 I - a wand of flame (48)
 J - a wand of iceblast (25)
 N - a wand of paralysis (8)
 U - a wand of digging (9)
Scrolls
 d - 4 scrolls of remove curse
 e - 2 scrolls of amnesia {unknown}
 g - 3 scrolls of enchant weapon {unknown}
 j - 5 scrolls of teleportation
 o - 3 scrolls of blinking
 p - a scroll of enchant armour {unknown}
 q - 3 scrolls of fog {unknown}
 r - 2 scrolls of magic mapping {unknown}
 t - 3 scrolls of fear
 B - 3 scrolls of immolation {unknown}
 D - 2 scrolls of holy word {unknown}
 G - a scroll of random uselessness {unknown}
 M - a scroll of torment {unknown}
Potions
 f - 4 potions of agility
 i - a potion of magic
 m - a potion of curing
 n - 4 potions of degeneration
 u - a potion of berserk rage {unknown}
 x - 2 potions of brilliance
 z - a potion of resistance {unknown}
 A - 2 potions of cancellation
Books
 a - a Young Poisoner's Handbook

   Spells                             Type                      Level
   a - Sting                          Conjuration/Poison           1
   b - Poisonous Vapours              Poison/Air                   2
   c - Mephitic Cloud                 Conjuration/Poison/Air       3
   d - Olgreb's Toxic Radiance        Poison                       4
   e - Venom Bolt                     Conjuration/Poison           5
 h - a book of Clouds

   Spells                             Type                      Level
   a - Poisonous Vapours              Poison/Air                   2
   b - Mephitic Cloud                 Conjuration/Poison/Air       3
   c - Conjure Flame                  Conjuration/Fire             3
   d - Freezing Cloud                 Conjuration/Ice/Air          6
   e - Ring of Flames                 Charms/Fire                  7
 w - a book of Conjurations

   Spells                             Type                      Level
   a - Magic Dart                     Conjuration                  1
   b - Searing Ray                    Conjuration                  2
   c - Dazzling Spray                 Conjuration/Hexes            3
   d - Fulminant Prism                Conjuration/Hexes            4
   e - Force Lance                    Conjuration/Translocation    4
   f - Iskenderun's Mystic Blast      Conjuration                  4
 K - a book of Party Tricks

   Spells                             Type                      Level
   a - Summon Butterflies             Summoning                    1
   b - Apportation                    Translocation                1
   c - Lesser Beckoning               Translocation                3
   d - Tukima's Dance                 Hexes                        3
   e - Alistair's Intoxication        Transmutation/Poison         5
   f - Invisibility                   Hexes                        6
 P - a book of Misfortune

   Spells                             Type                      Level
   a - Confusing Touch                Hexes                        1
   b - Confuse                        Hexes                        3
   c - Gell's Gravitas                Translocation                3
   d - Petrify                        Transmutation/Earth          4
   e - Metabolic Englaciation         Hexes/Ice                    5
   f - Yara's Violent Unravelling     Hexes/Transmutation          5
 T - The Intricacies of Theurgy
   (You found it in a labyrinth)

   Spells                             Type                      Level
   a - Spellforged Servitor           Conjuration/Summoning        7
   b - Malign Gateway                 Summoning/Translocation      7
   c - Summon Hydra                   Summoning                    7
   d - Dragon Form                    Transmutation                7
 V - a book of Ice

   Spells                             Type                      Level
   a - Ice Form                       Ice/Transmutation            4
   b - Metabolic Englaciation         Hexes/Ice                    5
   c - Ozocubu's Refrigeration        Ice                          6
   d - Bolt of Cold                   Conjuration/Ice              6
   e - Freezing Cloud                 Conjuration/Ice/Air          6
   f - Simulacrum                     Ice/Necromancy               6
Miscellaneous
 H - a lightning rod (4/4)
Comestibles
 b - 5 rations


   Skills:
 - Level 9.6 Fighting
 - Level 8.0 Dodging
 - Level 2.6 Stealth
 - Level 10.6 Spellcasting
 - Level 7.2 Conjurations
 + Level 6.1 Transmutations
 - Level 1.0 Ice Magic
 - Level 3.6 Air Magic
 - Level 3.6 Poison Magic


You had 21 spell levels left.
You knew the following spells:

 Your Spells              Type           Power        Failure   Level  Hunger
a - Sting                 Conj/Pois      ####         1%          1    None
b - Poisonous Vapours     Pois/Air       ####..       1%          2    None
c - Mephitic Cloud        Conj/Pois/Air  ####....     2%          3    None
d - Apportation           Tloc           ##....       5%          1    None
e - Ice Form              Ice/Tmut       ####....     13%         4    #......


Dungeon Overview and Level Annotations

Branches:
Dungeon (11/15)            Temple (1/1) D:5            Lair (0/6) D:9
    Orc (2/2) D:11            Elf (0/3) Orc:2

Altars:
Ashenzari
Cheibriados
Dithmenos
Elyvilon
Fedhas
Gozag
Hepliaklqana
Kikubaaqudgha
Makhleb
Nemelex Xobeh
Okawaru
Qazlal
Ru
Sif Muna
Trog
Uskayaw
Vehumet
Wu Jian
Xom
Yredelemnul
Zin
The Shining One

Shops:
D:5 [   D:6 ?}}   D:9 ?   D:11 *

Annotations:
D:10 exclusion: hydra


Innate Abilities, Weirdness & Mutations

You cannot wear most types of armour.
You are very stealthy in the water. (Stealth+)
You are amphibious.
You can wear up to eight rings at the same time.
You can use your tentacles to constrict eight enemies at once.
Your skin changes colour to match your surroundings (Stealth+).
Your rubbery body absorbs attacks. (AC +1, EV +1)
You are partially covered in slimy green scales. (AC +2)
Your system is resistant to poisons. (rPois)


Message History

You release your grip on the orc.
The orc sorcerer points at you and mumbles some strange words.
You suddenly lose the ability to move!
The orc warrior is engulfed in noxious fumes.
The orc hits you but does no damage.
The orc high priest calls upon Beogh to heal the orc warrior.
The orc warrior's wounds heal themselves!
The orc sorcerer gestures at you while chanting.
The bolt of fire hits you!
The orc warrior is engulfed in noxious fumes.
The orc warrior appears confused.
The orc warrior barely misses you. The orc hits you with a short sword.
* * * LOW HITPOINT WARNING * * *
The orc high priest calls upon Beogh to heal the orc warrior.
The orc warrior's wounds heal themselves!
The orc barely misses you.
The orc sorcerer points at you and mumbles some strange words.
Helpless, you fail to dodge the bolt of fire.
You die...
Your body crumbles into a pile of gold.

.........##....
...............
...........4o..
...............
#.$...........
#####.............
#.#........)......
..($.o...o@o......
...o.......)......
.P$o.§.$.$........
....o§.o$)........
.o..o.$$..........
.o.[..$<...(....>.
.
o...o.........#...
......O.......##..
...............


You could see 2 orc high priests, an ice devil, an orc sorcerer, 4 orc warriors,
an ogre (wandering), an orc priest (confused), an orc wizard (confused) and an
orc.

Vanquished Creatures
  A minotaur (Lab)
  2 two-headed ogres (D:9)
  3 orc high priests
  2 orc knights (Orc:1)
  An orc sorcerer (Orc:1)
  2 manticores
  Maurice (Orc:1)
  5 trolls
  A wraith (D:11)
  5 yaks (D:8)
  2 shadows (Lab)
  A wyvern (D:11)
  Eustachio (D:4)
  2 water moccasins
  17 orc warriors
  4 sky beasts
  A black bear (D:7)
  An ice beast (D:5)
  A wolf (D:9)
  A phantom (D:10)
  7 centaurs
  16 ogres
  A big kobold (D:11)
  3 bullfrogs
  4 killer bees (D:10)
  8 wights
  2 electric eels (D:9)
  2 crimson imps
  2 quasits
  2 centaur zombies (D:7)
  3 centaur skeletons
  8 hounds
  2 jellies
  Crazy Yiuf (D:4)
  2 bullfrog skeletons
  6 orc priests
  Ijyb (D:4)
  Natasha (D:3)
  An iguana (D:9)
  6 orc wizards
  8 worker ants
  A hound zombie (D:9)
  A hound skeleton (D:10)
  2 worker ant zombies
  10 adders
  A gnoll (D:1)
  3 oozes
  4 adder zombies
  2 worms
  2 dart slugs
  6 leopard geckos
  53 orcs
  5 giant cockroaches
  8 goblins
  7 hobgoblins
  8 jackals
  15 kobolds
  7 quokkas
  4 ball pythons
  3 bats
  7 frilled lizards
  A jackal zombie (D:5)
  A leopard gecko skeleton (D:6)
  7 rats
298 creatures vanquished.

Vanquished Creatures (others)
  A quokka (D:9)
  5 fungi (Orc:2)
6 creatures vanquished.

Grand Total: 304 creatures vanquished

Notes
Turn   | Place    | Note
-------+----------+-------------------------------------------
     0 | D:1      | inc the Octopode Venom Mage began the quest for the Orb.
     0 | D:1      | Reached XP level 1. HP: 11/11 MP: 3/3
    88 | D:1      | Reached XP level 2. HP: 17/17 MP: 0/5
   346 | D:1      | Reached XP level 3. HP: 21/21 MP: 2/6
  1150 | D:2      | Reached XP level 4. HP: 22/27 MP: 2/7
  1751 | D:2      | Reached skill level 3 in Spellcasting
  2461 | D:3      | Noticed an orc warrior
  2548 | D:2      | Learned a level 2 spell: Poisonous Vapours
  2552 | D:2      | Learned a level 3 spell: Mephitic Cloud
  2585 | D:3      | Noticed Natasha
  2590 | D:3      | Killed Natasha
  2590 | D:3      | Reached XP level 5. HP: 31/31 MP: 2/10
  2880 | D:3      | Killed an orc warrior
  2880 | D:3      | Reached skill level 4 in Spellcasting
  2880 | D:3      | Reached XP level 6. HP: 36/36 MP: 2/12
  3326 | D:4      | Found a runed door.
  3375 | D:4      | Reached skill level 1 in Air Magic
  3509 | D:4      | Noticed Ijyb
  3520 | D:4      | Killed Ijyb
  3653 | D:4      | Noticed Eustachio
  3671 | D:4      | Killed Eustachio
  3671 | D:4      | Reached XP level 7. HP: 31/41 MP: 0/14
  4147 | D:4      | Noticed Crazy Yiuf
  4152 | D:4      | Killed Crazy Yiuf
  4238 | D:5      | Entered Level 5 of the Dungeon
  4436 | D:5      | Found a sparkling altar of Nemelex Xobeh.
  4622 | D:5      | Reached skill level 5 in Conjurations
  4690 | D:5      | Found Ceorrom's Antique Armour Shoppe.
  5156 | D:5      | Reached XP level 8. HP: 26/46 MP: 12/15
  5392 | D:5      | Found a staircase to the Ecumenical Temple.
  5573 | Temple   | Entered the Ecumenical Temple
  5640 | Temple   | Became a worshipper of Gozag Ym Sagoz the Greedy
  6004 | D:6      | Found Xecwigeu's Gadget Shoppe.
  6119 | D:6      | Found Roiwun's Gadget Shop.
  6203 | D:6      | Found Qystiah's Magic Scroll Shop.
  6215 | D:6      | Bought a scroll of fear for 38 gold pieces
  6215 | D:6      | Bought a scroll of blinking for 82 gold pieces
  6266 | D:6      | Found an iron altar of Okawaru.
  6376 | D:6      | Reached skill level 5 in Spellcasting
  6472 | D:6      | Found a blossoming altar of Fedhas.
  6717 | D:7      | Reached skill level 6 in Spellcasting
  6726 | D:7      | Got an encrusted falchion {protect}
  6729 | D:7      | Identified the +9 falchion "Giludwul" {protect, rC+ MR+} (You took it off an orc wizard on level 7 of the Dungeon)
  7282 | D:7      | Reached skill level 7 in Spellcasting
  7561 | D:7      | Reached skill level 8 in Spellcasting
  7561 | D:7      | Reached XP level 9. HP: 45/51 MP: 14/21
  7608 | D:7      | Noticed a manticore
  7617 | D:7      | Killed a manticore
  7762 | D:8      | Noticed a troll
  7773 | D:8      | Killed a troll
  7773 | D:8      | Reached skill level 9 in Spellcasting
  8639 | D:8      | Found a hazy altar of Hepliaklqana.
  8699 | D:9      | Noticed a troll
  8709 | D:8      | Killed a troll
  8709 | D:8      | Reached skill level 5 in Dodging
  8896 | D:9      | Noticed a two-headed ogre
  9059 | D:9      | Reached XP level 10. HP: 42/56 MP: 21/23
  9832 | D:9      | Reached skill level 1 in Fighting
  9889 | D:9      | Found a staircase to the Lair.
 10076 | D:9      | Noticed a two-headed ogre
 10090 | D:9      | Killed a two-headed ogre
 10417 | D:9      | Found a white marble altar of Elyvilon.
 10610 | D:9      | Killed a two-headed ogre
 10610 | D:9      | Reached skill level 5 in Fighting
 10983 | D:9      | Bought a scroll of teleportation for 36 gold pieces
 11018 | D:10     | Entered Level 10 of the Dungeon
 11219 | D:10     | Reached XP level 11. HP: 72/75 MP: 24/24
 11669 | D:10     | Noticed an eight-headed hydra
 11673 | D:10     | Learned a level 1 spell: Apportation
 12589 | D:11     | Found a labyrinth entrance.
 12636 | Lab      | Entered a labyrinth
 13373 | Lab      | Noticed a minotaur
 13404 | Lab      | Killed a minotaur
 13585 | Lab      | Identified The Intricacies of Theurgy
 13592 | Lab      | Learned a level 4 spell: Ice Form
 13681 | D:11     | Reached skill level 1 in Transmutations
 13948 | D:11     | Found a staircase to the Orcish Mines.
 13981 | D:11     | Noticed a manticore
 14004 | D:11     | Killed a manticore
 14635 | Orc:1    | Entered Level 1 of the Orcish Mines
 14635 | Orc:1    | Noticed an orc high priest
 14657 | D:11     | Killed an orc high priest
 14657 | D:11     | Reached skill level 10 in Spellcasting
 14927 | Orc:1    | Noticed an orc sorcerer
 14931 | Orc:1    | Killed an orc sorcerer
 15237 | Orc:1    | Noticed Maurice
 15248 | Orc:1    | Killed Maurice
 15595 | Orc:2    | Entered Level 2 of the Orcish Mines
 15604 | Orc:2    | Noticed an orc high priest
 15604 | Orc:2    | Noticed an orc high priest
 15805 | Orc:2    | Noticed an orc knight
 15917 | Orc:2    | Found a staircase to the Elven Halls.
 15917 | Orc:2    | Noticed an orc high priest
 15974 | Orc:1    | Gained mutation: You are partially covered in slimy green scales. (AC +2) [potion of mutation]
 15974 | Orc:1    | Gained mutation: Your system is resistant to poisons. (rPois) [potion of mutation]
 16032 | Orc:1    | Reached skill level 1 in Ice Magic
 16155 | Orc:2    | Noticed an orc high priest
 16228 | Orc:2    | Noticed an orc high priest
 16236 | Orc:2    | Noticed an orc high priest
 16390 | Orc:2    | Noticed an orc knight
 16390 | Orc:2    | Noticed an orc sorcerer
 16404 | Orc:1    | Reached XP level 12. HP: 63/86 MP: 18/26
 17163 | Orc:1    | Killed an orc high priest
 17247 | Orc:2    | Noticed an orc warlord
 17535 | Orc:2    | Noticed a soul eater
 17549 | Orc:1    | Killed an orc high priest
 17549 | Orc:1    | Reached skill level 5 in Transmutations
 17943 | Orc:2    | Paralysed by an orc sorcerer for 7 turns
 17946 | Orc:2    | Killed from afar by an orc sorcerer

Skill      XL: |  1  2  3  4  5  6  7  8  9 10 11 12 |
---------------+-------------------------------------+-----
Conjurations   | 2 3 6 7 |  7.2
Spellcasting   | 3 4 8 9 10 | 10.6
Air Magic      | 3 |  3.6
Dodging        | 5 8 |  8.0
Fighting       | 7 9 |  9.6
Transmutations | 2 6 |  6.1
Ice Magic      | 1 |  1.0
Stealth        | |  2.6
Poison Magic   | |  3.6

Action                   |  1- 3 |  4- 6 |  7- 9 | 10-12 || total
-------------------------+-------+-------+-------+-------++-------
Melee: Unarmed           |    10 |     6 |       |       ||    16
       Tentacles         |     3 |     1 |    31 |    41 ||    76
       Constrict         |     3 |       |    26 |    34 ||    63
       Dagger            |       |    11 |    52 |       ||    63
       Falchion          |       |       |    89 |   164 ||   253
 Cast: Sting             |    53 |    94 |   123 |   256 ||   526
       Poisonous Vapours |       |    24 |    40 |   170 ||   234
       Mephitic Cloud    |       |       |     5 |    53 ||    58
       Apportation       |       |       |       |     4 ||     4
       Ice Form          |       |       |       |     1 ||     1
Invok: Call Merchant     |       |       |       |     2 ||     2
Evoke: Wand              |       |       |     2 |       ||     2
  Use: Scroll            |       |     4 |     2 |     6 ||    12
       Potion            |       |       |     3 |     7 ||    10
 Stab: Sleeping          |       |       |     3 |     8 ||    11
       Distracted        |       |       |     1 |     1 ||     2
       Confused          |       |       |       |     2 ||     2
  Eat: Chunk             |       |    17 |     5 |       ||    22
       Ration            |       |     1 |     2 |     8 ||    11
Armor: Skin              |       |     3 |    34 |    81 ||   118
Dodge: Dodged            |     7 |    34 |   137 |   281 ||   459
       Rpst.: Falchion   |       |       |    21 |    85 ||   106
